 Dungeon Crawl Stone Soup version 0.25.0-26-g0c896c7088 (webtiles) character file.

Game seed: 12122662773295862592

6772 lepoulpe303 the Destroyer (level 11, -1/58 HPs)
             Began as a Gargoyle Fire Elementalist on June 30, 2020.
             Was a Believer of Vehumet.
             Slain by a six-headed hydra (5 damage)
             ... on level 10 of the Dungeon.
             The game lasted 00:49:05 (11664 turns).

lepoulpe303 the Destroyer (GrFE)                   Turns: 11664, Time: 00:49:05

Health: -1/58      AC: 17    Str: 25    XL:     11   Next: 4%
Magic:  14/22      EV: 15    Int: 27    God:    Vehumet [**....]
Gold:   524        SH:  0    Dex: 19    Spells: 4/25 levels left

rFire    + . .     SeeInvis +   a - +9 mace "Aneschosu" {vorpal, rC- Str+7 Dex+9 SInv}
rCold    x . .     Gourm    .   (no shield)
rNeg     + . .     Faith    .   v - +1 leather armour of Eciemava {rF+ Int+8}
rPois    ∞         Spirit   .   D - +1 helmet
rElec    +         Reflect  .   (no cloak)
rCorr    .         Harm     .   m - +0 pair of gloves
MR       .....                  g - +0 pair of boots
Stlth    +++.......             (no amulet)
HPRegen  0.19/turn              C - +6 ring of strength
MPRegen  0.18/turn              G - ring of flight

@: no status effects
A: negative energy resistance 1, electricity resistance, unbreathing,
petrification resistance, rot immunity, AC +8
a: Renounce Religion, Evoke Flight


You were on level 10 of the Dungeon.
You worshipped Vehumet.
Vehumet was pleased with you.
You were not hungry.

You visited 2 branches of the dungeon, and saw 11 of its levels.

You collected 524 gold pieces.

Inventory:

Hand Weapons
 a - the +9 mace "Aneschosu" (weapon) {vorpal, rC- Str+7 Dex+9 SInv}
   (You found it on level 4 of the Dungeon)

   It inflicts extra damage upon your enemies.
   It affects your strength (+7).
   It affects your dexterity (+9).
   It makes you vulnerable to cold.
   It lets you see invisible.
 b - a +3 whip
Missiles
 y - 8 boomerangs (quivered)
 I - 8 silver boomerangs
 Q - 72 stones
Armour
 g - a +0 pair of boots (worn)
 m - a +0 pair of gloves (worn)
 v - the +1 leather armour of Eciemava (worn) {rF+ Int+8}
   (You found it on level 4 of the Dungeon)

   It affects your intelligence (+8).
   It protects you from fire.
 z - a +0 robe
 D - a +1 helmet (worn)
Jewellery
 C - a +6 ring of strength (left hand)
 G - a ring of flight (right hand)
Wands
 A - a wand of disintegration (13)
 E - a wand of polymorph (14)
Scrolls
 i - 3 scrolls of identify
 o - 3 scrolls of immolation {unknown}
 q - 2 scrolls of amnesia
 t - 4 scrolls of teleportation
 x - 2 scrolls of fog {unknown}
 B - a scroll of blinking {!r}
 F - 2 scrolls of magic mapping {!r}
 H - 2 scrolls of enchant weapon
Potions
 c - 2 potions of cancellation {unknown}
 d - a potion of might
 f - 8 potions of curing {unknown}
 h - a potion of lignification {unknown}
 j - a potion of experience
 k - 2 potions of stabbing
 l - 3 potions of heal wounds
 n - a potion of berserk rage {!q}
 p - 2 potions of brilliance
 r - 2 potions of haste {unknown}
 s - a potion of mutation {unknown}
 u - a potion of degeneration {unknown}
Comestibles
 e - 19 rations
 w - 6 chunks of flesh


   Skills:
 + Level 2.5 Fighting
 + Level 2.1 Maces & Flails
 - Level 4.0 Armour
 + Level 4.9 Dodging
 - Level 6.3 Stealth
 * Level 7.5 Spellcasting
 * Level 8.8 Conjurations
 * Level 8.6 Fire Magic


You had 4 spell levels left.
You knew the following spells:

 Your Spells              Type           Power        Failure   Level  Hunger
a - Foxfire               Conj/Fire      ####         1%          1    None
b - Inner Flame           Hex/Fire       ####....     3%          3    None
c - Conjure Flame         Conj/Fire      ######..     1%          3    None
d - Searing Ray           Conj           ######       1%          2    None
f - Fireball              Conj/Fire      ######....   4%          5    ####...
s - Sticky Flame          Conj/Fire      ######..     1%          4    ##.....
x - Mephitic Cloud        Conj/Pois/Air  ####....     5%          3    None

Your spell library contained the following spells:

 Spells                   Type           Power        Failure   Level  Hunger
 Static Discharge         Conj/Air       ####....     3%          3    None
 Magic Dart               Conj           ####         1%          1    None
 Dazzling Flash           Conj/Hex       ####..       3%          3    None
 Beastly Appendage        Tmut           ##....       6%          1    None
 Poisonous Vapours        Pois/Air       ##....       10%         2    None
 Sticks to Snakes         Tmut           ##......     10%         2    None
 Fulminant Prism          Conj/Hex       ####......   10%         4    ##.....
 Iskenderun's Mystic Bla  Conj/Tloc      ####....     10%         4    ##.....
 Lesser Beckoning         Tloc           ##........   19%         3    None
 Spider Form              Tmut/Pois      ##........   19%         3    None
 Ice Form                 Ice/Tmut       ##......     52%         4    ##.....
 Blade Hands              Tmut           ##........   86%         5    ####...
 Freezing Cloud           Conj/Ice/Air   ####......   96%         6    ######.
 Dispersal                Tloc           ##........   100%        6    ######.
 Ring of Flames           Chrm/Fire      ####......   100%        7    #######


Dungeon Overview and Level Annotations

Branches:
Dungeon (10/15)            Temple (1/1) D:7
   Lair: D:8-11         Orc: D:9-12

Altars:
Ashenzari
Cheibriados
Dithmenos
Elyvilon
Fedhas
Gozag
Hepliaklqana
Kikubaaqudgha
Makhleb
Nemelex Xobeh
Okawaru
Qazlal
Ru
Sif Muna
Trog
Uskayaw
Vehumet
Wu Jian
Xom
Yredelemnul
Zin
The Shining One

Annotations:
D:5 Grinder


Innate Abilities, Weirdness & Mutations

You are resistant to torment.
Your stone body is resilient. (AC +8)
You are immune to poison.
You resist negative energy. (rN+)
You are resistant to electric shocks. (rElec)
You can survive without breathing.
You are immune to petrification.
You are immune to rotting.


Message History

The six-headed hydra closely misses you.
The six-headed hydra barely misses you.
The six-headed hydra closely misses you.
The six-headed hydra bites you!
* * * LOW HITPOINT WARNING * * *
The orc warrior closely misses you.
You take 16 damage, and have 19/58 hp.
MASSIVE DAMAGE!!
You now have 14/22 mp.
You thump the six-headed hydra!
The six-headed hydra closely misses you.
The six-headed hydra bites you.
* * * LOW HITPOINT WARNING * * *
The six-headed hydra bites you but does no damage.
The six-headed hydra bites you!
* * * LOW HITPOINT WARNING * * *
The six-headed hydra bites you but does no damage. x2
The orc warrior misses you.
The six-headed hydra barely misses you. x2
The six-headed hydra bites you.
You die...

#.8÷#.# #.## #.#
#...#.##...## #.#
#####.#.D...## #.#
#.....'.....+.## #.#
#.8##.#.....##.####.##
#.#...##...####.##8..#
#.8.#.# ....# ##.###'#
#.#.#D# ..## ##.##.#
#.8.#@# ..# s###.#.#
#.÷.#.###+###?.Z+.#.##
#.8.#o#.....#..###.#.#
#.#.#.##...##.###.##.#
#.8.#.#.....# ##.###'#
#.#...##...####.##8..#
#.8##.#.....##.####.##
#.....'.....'.## #.##
#####.#.....### #.##


You could see a six-headed hydra and an orc warrior.

Levels and vault maps discovered:
D:1:      zaba_arrival_water, layout_basic
D:2:      layout_rooms, lemuel_coloured_pillars_altar, minmay_misc_feat_roman
D:3:      layout_loops_ring, nicolae_dithmenos_shadow_blocks,
          overflow_temple_1_default
D:4:      minmay_razor_zed, layout_basic
D:5:      layout_basic, first_ration, tgw_kikubaaqudgha, uniq_grinder
D:6:      layout_rooms
D:7:      minmay_inner_zag, layout_rooms, minmay_temple_entry_large_hall,
          worms_lemuel, uniq_maggie
D:8:      layout_loops_cross, hangedman_little_slice_of_home
D:9:      layout_roguey, dancing_weapons_uskayaw, st_stairs_1
D:10:     wad_arrow_thing, layout_basic
Temple:   dpeg_five_rooms_temple

Notes
Turn   | Place    | Note
-------+----------+-------------------------------------------
     0 | D:1      | lepoulpe303 the Gargoyle Fire Elementalist began the quest
                  | for the Orb.
     0 | D:1      | Reached XP level 1. HP: 10/10 MP: 3/3
    21 | D:1      | Identified a cursed +0 club
   325 | D:1      | Reached XP level 2. HP: 15/15 MP: 0/5
   429 | D:1      | Identified a +0 club
   512 | D:1      | Identified a cursed -2 short sword (You found it on level 1
                  | of the Dungeon)
   837 | D:2      | Identified a +0 club
   951 | D:2      | Identified a +0 pair of boots (You found it on level 2 of
                  | the Dungeon)
   955 | D:2      | Identified a +0 club
   972 | D:2      | Reached XP level 3. HP: 19/19 MP: 3/6
   977 | D:2      | Learned a level 3 spell: Conjure Flame
   980 | D:2      | Identified a +0 short sword
  1100 | D:2      | Identified a +0 club
  1111 | D:2      | Identified a +0 halberd
  1123 | D:2      | Reached skill level 2 in Conjurations
  1161 | D:2      | Identified a +0 flail
  1354 | D:1      | Reached XP level 4. HP: 11/24 MP: 2/7
  1726 | D:2      | Identified a +0 club
  1732 | D:2      | Reached skill level 2 in Dodging
  1739 | D:2      | Identified 2 scrolls of blinking
  1929 | D:2      | Learned a level 3 spell: Inner Flame
  1976 | D:2      | Identified a scroll of enchant weapon
  1977 | D:2      | Identified a scroll of remove curse
  2049 | D:2      | Found a burning altar of Makhleb.
  2257 | D:3      | Found a hazy altar of Hepliaklqana.
  2263 | D:3      | Identified a +0 dagger
  2354 | D:3      | Identified a +0 war axe
  2361 | D:3      | Identified a +0 mace
  2363 | D:3      | Identified a +0 short sword
  2402 | D:3      | Identified a +3 whip
  2554 | D:3      | Reached XP level 5. HP: 28/28 MP: 9/9
  2564 | D:3      | Identified a +0 flail
  2564 | D:3      | Identified a +0 leather armour
  2571 | D:3      | Identified a +0 club
  2575 | D:3      | Found a shadowy altar of Dithmenos.
  2660 | D:3      | Identified a +0 whip
  2681 | D:3      | Identified a +0 club
  2681 | D:3      | Reached skill level 3 in Stealth
  2717 | D:3      | Identified a +0 hunting sling
  2756 | D:3      | Reached skill level 3 in Spellcasting
  2803 | D:3      | Identified a +0 club
  3223 | D:3      | lepoulpe303: !whichgod grfe
  3223 | D:3      | meem: 18 recent wins for grfe: 5x Vehumet, 3x The Shining
                  | One, 2x Sif Muna, 2x Ashenzari, Xom, Uskayaw, Nemelex
                  | Xobeh, Okawaru, Qazlal, Elyvilon
  3223 | D:3      | lepoulpe303: !whichgod --fe
  3223 | D:3      | meem: 358 recent wins for --fe: 141x Vehumet, 41x Sif Muna,
                  | 32x Ashenzari, 23x Gozag, 19x Okawaru, 15x, 13x Makhleb,
                  | 10x The Shining One, 7x Nemelex Xobeh, 7x Cheibriados, 7x
                  | Hepliaklqana, 7x Ru, 6x Uskayaw, 5x Dithmenos, 4x
                  | Kikubaaqudgha, 3x Fedhas, 3x Qazlal, 3x Trog, 2x Wu Jian,
                  | 2x Elyvilon, 2x Xom, 2x Zin, 2x Yredelemnul, Beogh, Jiyva
  3253 | D:4      | Identified a +0 hand axe
  3254 | D:4      | Identified a +1 flail of protection
  3272 | D:4      | Identified a +0 dagger
  3272 | D:4      | Identified a +0 robe
  3284 | D:4      | Identified a cursed -2 giant club
  3284 | D:4      | Noticed an ogre
  3308 | D:3      | HP: 6/28 [ogre/cursed -2 giant club (22)]
  3556 | D:3      | Killed an ogre
  3556 | D:3      | Reached skill level 3 in Conjurations
  3556 | D:3      | Reached skill level 4 in Fire Magic
  3556 | D:3      | Reached XP level 6. HP: 24/32 MP: 4/10
  3651 | D:4      | HP: 3/32 [orc wizard/puff of flame (11)]
  3658 | D:4      | Identified a +0 club
  3658 | D:4      | Identified a +0 chain mail
  4054 | D:4      | Noticed a necrophage
  4082 | D:4      | Killed a necrophage
  4265 | D:4      | Identified a +0 giant club
  4312 | D:4      | Reached XP level 7. HP: 19/36 MP: 5/12
  4546 | D:4      | Got a smoking leather armour
  4547 | D:4      | Identified 5 scrolls of identify
  4547 | D:4      | Identified the cursed +1 leather armour of Eciemava {rF+
                  | Int+8} (You found it on level 4 of the Dungeon)
  4548 | D:4      | Identified 2 potions of stabbing
  4549 | D:4      | Identified a ring of slaying (You found it on level 3 of
                  | the Dungeon)
  4558 | D:4      | Learned a level 4 spell: Sticky Flame
  4616 | D:4      | Identified a +0 pair of gloves (You found it on level 2 of
                  | the Dungeon)
  4911 | D:4      | Identified a +0 dagger
  4911 | D:4      | Identified a +0 robe
  4911 | D:4      | Identified a +0 flail
  4912 | D:4      | Identified a +0 flail
  4912 | D:4      | Identified a cursed +0 ring mail
  4915 | D:4      | Reached skill level 4 in Conjurations
  5069 | D:4      | Got a slimy mace
  5070 | D:4      | Identified the +9 mace "Aneschosu" {vorpal, rC- Str+7 Dex+9
                  | SInv} (You found it on level 4 of the Dungeon)
  5110 | D:5      | Entered Level 5 of the Dungeon
  5131 | D:5      | Noticed Grinder
  5161 | D:5      | Reached skill level 1 in Armour
  5161 | D:5      | Reached skill level 4 in Stealth
  5161 | D:5      | Reached skill level 4 in Spellcasting
  5161 | D:5      | Reached skill level 5 in Fire Magic
  5282 | D:5      | Reached skill level 2 in Armour
  5282 | D:5      | Reached XP level 8. HP: 39/41 MP: 14/14
  5289 | D:5      | Reached skill level 3 in Dodging
  5687 | D:5      | Reached skill level 5 in Conjurations
  5781 | D:5      | Found an ancient bone altar of Kikubaaqudgha.
  5842 | D:5      | Identified a cursed -2 giant club
  5864 | D:5      | Reached skill level 3 in Armour
  6241 | D:6      | Identified a +0 hand axe
  6241 | D:6      | Identified a +2 short sword of electrocution
  6241 | D:6      | Identified a +0 leather armour
  6241 | D:6      | Identified a +0 whip
  6241 | D:6      | Identified a +0 leather armour
  6242 | D:6      | Identified a +0 leather armour
  6304 | D:5      | HP: 7/41 [ice beast (15)]
  6497 | D:5      | Reached skill level 5 in Spellcasting
  6701 | D:6      | Reached skill level 6 in Fire Magic
  6701 | D:6      | Reached XP level 9. HP: 25/45 MP: 13/16
  6855 | D:6      | Reached skill level 5 in Stealth
  6888 | D:6      | Reached skill level 4 in Armour
  6925 | D:6      | Reached skill level 6 in Conjurations
  6948 | D:6      | Learned a level 2 spell: Searing Ray
  7044 | D:6      | Identified a +0 short sword
  7044 | D:6      | Identified a cursed +0 plate armour
  7058 | D:6      | Identified a +0 club
  7062 | D:6      | Identified a ring of strength (You found it on level 6 of
                  | the Dungeon)
  7099 | D:6      | Identified a cursed +0 dagger
  7222 | D:6      | Identified a +0 dagger
  7222 | D:6      | Identified a +0 robe
  7225 | D:6      | Identified a +0 hand axe
  7225 | D:6      | Identified a +0 chain mail
  7226 | D:6      | Identified a cursed -3 dagger
  7226 | D:6      | Identified a +0 robe
  7352 | D:6      | Identified a +0 ring mail
  7352 | D:6      | Identified a +0 short sword
  7352 | D:6      | Identified a +0 scale mail
  7354 | D:6      | Identified a +0 dagger
  7354 | D:6      | Identified a +0 robe
  7354 | D:6      | Identified a cursed -2 short sword
  7484 | D:6      | Identified a +0 mace
  7629 | D:7      | Found a staircase to the Ecumenical Temple.
  7638 | D:7      | Identified a +0 trident
  7638 | D:7      | Identified a +0 ring mail
  7693 | D:7      | Learned a level 3 spell: Mephitic Cloud
  7740 | D:7      | Identified a +1 helmet (You found it on level 7 of the
                  | Dungeon)
  7755 | Temple   | Entered the Ecumenical Temple
  7916 | Temple   | Became a worshipper of Vehumet
  8057 | D:7      | Identified a cursed +0 flail
  8070 | D:7      | Identified a +0 giant club
  8151 | D:7      | Identified a +0 flail
  8153 | D:7      | Identified a +0 whip
  8153 | D:7      | Identified a +0 club
  8163 | D:7      | Reached skill level 6 in Spellcasting
  8196 | D:7      | Identified a +0 flail
  8205 | D:7      | Identified a +0 club
  8213 | D:7      | Identified a +0 club
  8213 | D:7      | Identified a +0 leather armour
  8214 | D:7      | Identified a +0 flail
  8214 | D:7      | Identified a +0 whip
  8214 | D:7      | Identified a +0 dagger
  8214 | D:7      | Identified a +0 robe
  8214 | D:7      | Identified a +0 dagger
  8214 | D:7      | Identified a +0 robe
  8214 | D:7      | Identified a +0 flail
  8487 | D:8      | Identified a +0 giant club
  8493 | D:8      | Reached skill level 7 in Fire Magic
  8517 | D:8      | Reached skill level 7 in Conjurations
  8536 | D:8      | Reached * piety under Vehumet
  8536 | D:8      | Offered knowledge of Sandblast by Vehumet.
  8536 | D:8      | Reached skill level 4 in Dodging
  8612 | D:6      | Learned a level 1 spell: Sandblast
  8699 | D:8      | Identified a +0 dagger
  8699 | D:8      | Identified a +0 robe
  8718 | D:8      | Identified a +0 mace
  8718 | D:8      | Identified a +0 plate armour
  8718 | D:8      | Identified a +0 hand axe
  8718 | D:8      | Identified a +0 dagger
  8737 | D:8      | HP: 11/45 [orc warrior/+0 mace (6)]
  9081 | D:8      | Identified 2 potions of heal wounds
  9082 | D:8      | Identified a potion of experience
  9083 | D:8      | Identified a potion of might
  9084 | D:8      | Identified a potion of berserk rage
  9148 | D:8      | Identified a +0 short sword
  9148 | D:8      | Identified a +0 club
  9148 | D:8      | Identified a +0 whip
  9148 | D:8      | Identified a +0 club
  9149 | D:8      | Identified a +0 dagger
  9154 | D:8      | Reached XP level 10. HP: 50/50 MP: 15/19
  9234 | D:8      | Reached skill level 6 in Stealth
  9435 | D:8      | Identified a +0 giant spiked club
  9476 | D:8      | Identified a +0 giant club
  9476 | D:8      | Identified a cursed -1 dire flail
  9476 | D:8      | Noticed a two-headed ogre
  9562 | D:8      | Killed a two-headed ogre
  9888 | D:8      | Identified a +0 shortbow
  9905 | D:8      | Identified 3 scrolls of magic mapping
  9906 | D:8      | Identified 4 scrolls of teleportation
  9907 | D:8      | Identified 3 scrolls of amnesia
  9916 | D:8      | Learned a level 5 spell: Fireball
  9952 | D:9      | Found a hide-covered altar of Uskayaw.
  9953 | D:9      | Identified a +0 hand axe
  9953 | D:9      | Noticed a +0 hand axe
  9953 | D:9      | Identified a +0 hand axe
  9953 | D:9      | Noticed a +0 hand axe
 10076 | D:9      | Identified a +0 trident
 10076 | D:9      | Identified a +0 scale mail
 10081 | D:9      | Identified a +0 club
 10082 | D:9      | Identified a +0 hand axe
 10082 | D:9      | Identified a +0 chain mail
 10087 | D:9      | Offered knowledge of Freeze by Vehumet.
 10092 | D:9      | Reached ** piety under Vehumet
 10097 | D:9      | Identified a ring of teleportation (You found it on level 8
                  | of the Dungeon)
 10101 | D:9      | Identified a ring of evasion (You found it on level 9 of
                  | the Dungeon)
 10109 | D:9      | Identified a ring of flight (You found it on level 8 of the
                  | Dungeon)
 10160 | D:9      | Identified a +0 dagger
 10160 | D:9      | Identified a +0 robe
 10160 | D:9      | Identified a +0 dagger
 10160 | D:9      | Identified a +0 robe
 10160 | D:9      | Identified a +0 club
 10160 | D:9      | Identified a +0 chain mail
 10160 | D:9      | Identified a +0 short sword
 10163 | D:9      | Identified a +0 trident
 10163 | D:9      | Identified a +0 leather armour
 10409 | D:9      | Identified 2 potions of brilliance
 10435 | D:10     | Entered Level 10 of the Dungeon
 10443 | D:10     | Noticed an unseen horror
 10454 | D:10     | Identified a +0 dagger
 10454 | D:10     | Identified a +0 robe
 10458 | D:10     | Identified a +0 vampiric whip
 10458 | D:10     | Identified a +0 ring mail
 10461 | D:10     | Identified a +0 falchion
 10461 | D:10     | Identified a +0 leather armour
 10470 | D:10     | Identified a +0 club
 10470 | D:10     | Identified a +0 leather armour
 10497 | D:10     | Identified a +0 shortbow
 10503 | D:10     | Reached skill level 8 in Conjurations
 10652 | D:10     | Killed an unseen horror
 10652 | D:10     | Reached skill level 1 in Fighting
 10652 | D:10     | Reached skill level 1 in Maces & Flails
 10652 | D:10     | Reached skill level 7 in Spellcasting
 10652 | D:10     | Reached skill level 8 in Fire Magic
 10853 | D:10     | Reached skill level 2 in Fighting
 10963 | D:10     | Noticed a six-headed hydra
 10985 | D:10     | Identified a +0 club
 10990 | D:10     | Identified a +0 dagger
 10990 | D:10     | Identified a +0 short sword
 10991 | D:10     | Identified a +0 short sword
 10991 | D:10     | Identified a +0 leather armour
 11511 | D:10     | Reached skill level 2 in Maces & Flails
 11526 | D:10     | Offered knowledge of Static Discharge by Vehumet.
 11526 | D:10     | Reached XP level 11. HP: 58/58 MP: 22/22
 11638 | D:10     | Identified the Handbook of the Voyage
 11657 | D:10     | Identified a +0 trident
 11657 | D:10     | Identified a +0 chain mail
 11664 | D:10     | HP: 4/58 [six-headed hydra (11)]
 11664 | D:10     | Slain by a six-headed hydra

Table legend:
 A = Turns spent in this place as a percentage of turns spent in the entire game.
 B = Non-inter-level travel turns spent in this place as a percentage of non-inter-level travel turns spent in the entire game.
 C = Inter-level travel turns spent in this place as a percentage of turns spent in this place.
 D = Turns resting spent in this place as a percentage of non-inter-level travel turns spent in this place.
 E = Turns spent auto-exploring this place as a percentage of non-inter-level travel turns spent in this place.
 F = Non-inter-level travel turns spent in this place divided by the number of levels of this place that you've seen.
                   A       B       C       D       E      F
               +-------+-------+-------+-------+-------+----------------------
         Total | 100.0 | 100.0 |   4.7 |  25.4 |  48.2 | 1011.0
       Dungeon |  98.4 |  98.5 |   4.5 |  25.8 |  47.5 | 1095.8
        Temple |   1.6 |   1.5 |  14.7 |   0.0 |  96.3 | 163.0
               +-------+-------+-------+-------+-------+----------------------

Table legend:
 A = Kills in this place as a percentage of kills in entire the game.
 B = Kills by you in this place as a percentage of kills by you in the entire game.
 C = Kills by friends in this place as a percentage of kills by friends in the entire game.
 D = Other kills in this place as a percentage of other kills in the entire game.
 E = Experience gained in this place as a percentage of experience gained in the entire game.
 F = Experience gained in this place divided by the number of levels of this place that you have seen.
                   A       B       C       D       E      F
               +-------+-------+-------+-------+-------+----------------------
         Total | 100.0 | 100.0 | 100.0 |   N/A | 100.0 | 879.5
       Dungeon | 100.0 | 100.0 | 100.0 |   N/A | 100.0 | 967.5
               +-------+-------+-------+-------+-------+----------------------

Skill      XL: |  1  2  3  4  5  6  7  8  9 10 |
---------------+-------------------------------+-----
Conjurations   | 2 3 4 5 7 8 |  8.8
Dodging        | 2 3 4 |  4.9
Stealth        | 3 4 5 6 |  6.3
Spellcasting   | 3 4 5 6 7 |  7.5
Fire Magic     | 4 5 6 7 8 |  8.6
Armour         | 2 3 4 |  4.0
Fighting       | 2 |  2.5
Maces & Flails | 2 |  2.1

Action                   |  1- 3 |  4- 6 |  7- 9 | 10-12 || total
-------------------------+-------+-------+-------+-------++-------
Melee: Unarmed           |     7 |       |       |       ||     7
       Short sword       |     7 |    11 |       |       ||    18
       Whip              |       |    42 |    12 |       ||    54
       Mace              |       |       |   183 |    66 ||   249
Throw: Boomerang         |       |       |     6 |       ||     6
 Cast: Foxfire           |    54 |   108 |    89 |    57 ||   308
       Conjure Flame     |       |       |     5 |       ||     5
       Searing Ray       |       |       |    15 |    18 ||    33
       Sandblast         |       |       |     6 |     2 ||     8
  Use: Scroll            |       |     3 |     8 |     6 ||    17
 Stab: Sleeping          |       |       |     7 |     2 ||     9
  Eat: Chunk             |     1 |     7 |    10 |     7 ||    25
       Ration            |       |     1 |     2 |       ||     3
Armor: Robe              |    20 |    49 |       |       ||    69
       Leather armour    |       |       |    98 |    56 ||   154
Dodge: Dodged            |    34 |    78 |   166 |    85 ||   363

Vanquished Creatures
  A two-headed ogre (D:8)
  An unseen horror (D:10)
  A hippogriff (D:6)
  7 yaks (D:10)
  2 orc warriors
  5 ice beasts
  4 sky beasts
  2 black bears
  6 ogres
  A phantom (D:10)
  A necrophage (D:4)
  2 centaurs
  A big kobold (D:8)
  3 bullfrogs
  A wyvern zombie (D:6)
  A scorpion (D:6)
  7 killer bees
  A howler monkey (D:10)
  A centaur zombie (D:8)
  3 crimson imps
  A bullfrog zombie (D:8)
  2 quasits
  4 orc priests
  4 jellies
  A centaur skeleton (D:4)
  4 hounds
  3 bullfrog skeletons
  6 worker ants
  An iguana (D:7)
  11 orc wizards
  12 gnolls
  A worker ant zombie (D:7)
  21 adders
  2 shadow imps
  7 oozes
  3 adder skeletons
  An adder zombie (D:7)
  4 worms
  A dart slug (D:1)
  7 leopard geckos
  40 orcs
  7 bats
  4 giant cockroaches
  7 goblins
  10 hobgoblins
  4 jackals (D:6)
  12 kobolds
  3 quokkas
  5 frilled lizards
  A jackal skeleton (D:7)
  A leopard gecko zombie (D:6)
  A quokka zombie (D:4)
  9 rats
251 creatures vanquished.

Vanquished Creatures (collateral kills)
  A rat (D:1)
1 creature vanquished.

Vanquished Creatures (others)
  A human (D:5)
  423 foxfires
424 creatures vanquished.

Grand Total: 676 creatures vanquished
